 Dungeon Crawl Stone Soup version 0.26-a0-667-g92642533e4 (webtiles) character file.

Game seed: 12501473213265811067

944 DogServant the Ruffian (level 8, -2/72 HPs)
             Began as a Naga Transmuter on Oct 18, 2020.
             Killed from afar by an orc wizard (8 damage)
             ... with a magic dart
             ... on level 5 of the Dungeon.
             The game lasted 00:08:26 (7662 turns).

DogServant the Ruffian (Naga Transmuter)            Turns: 7662, Time: 00:08:27

Health: -2/72      AC:  2    Str: 12 (14) XL:     8   Next: 12%
Magic:  7/11       EV: 19    Int: 12 (15) God:
Gold:   147        SH:  0    Dex: 14 (16) Spells: 5/11 levels left

rFire    x . .     SeeInvis +     - Unarmed
rCold    + . .     Faith    .   (shield currently unavailable)
rNeg     . . .     Spirit   .   (armour currently unavailable)
rPois    x         Reflect  .   (helmet currently unavailable)
rElec    .         Harm     .   (cloak currently unavailable)
rCorr    .         Rampage  .   (gloves currently unavailable)
MR       +....                  (no barding)
Stlth    +.........             (no amulet)
HPRegen  0.22/turn              s - ring of ice
MPRegen  0.12/turn              (no ring)

@: brilliant, spider-form, wereblooded
A: tiny, see invisible, spit poison 1, AC +2
a: Spit Poison, End Transformation


You were on level 5 of the Dungeon.
You were a venomous arachnid creature.
You visited 2 branches of the dungeon, and saw 6 of its levels.

You collected 147 gold pieces.

Inventory:

Missiles
 c - a throwing net (quivered)
Armour
 a - a +0 robe (melded)
Jewellery
 s - a ring of ice (left front leg)
 t - an uncursed ring of poison resistance {unknown}
 w - a cursed amulet of inaccuracy {unknown}
Wands
 u - a wand of paralysis (7)
 x - a wand of disintegration (14)
 y - a wand of flame (14)
 z - a wand of iceblast (6)
Scrolls
 b - 8 scrolls of identify {unknown}
 e - 2 scrolls of remove curse {unknown}
 f - a scroll of fear {unknown}
 i - 2 scrolls of teleportation {unknown}
 k - a scroll of magic mapping {unknown}
 l - a scroll of amnesia {unknown}
 p - a scroll of blinking {unknown}
 q - a scroll of enchant armour {unknown}
 v - a scroll of fog {unknown}
Potions
 d - 2 potions of brilliance
 g - a potion of degeneration
 h - 3 potions of stabbing {unknown}
 j - 2 potions of curing {unknown}
 m - a potion of mutation {unknown}
 n - 2 potions of heal wounds {unknown}
 o - a potion of lignification {unknown}
 r - a potion of flight {unknown}


   Skills:
 - Level 4.0 Fighting
 - Level 1.5 Dodging
 + Level 7.5 Unarmed Combat
 - Level 2.0 Spellcasting
 - Level 4.0 Transmutations
 - Level 3.0 Poison Magic


You had 5 spell levels left.
You knew the following spells:

 Your Spells              Type           Power        Failure   Level
a - Beastly Appendage     Tmut           ###...       16%         1
b - Wereblood             Tmut           ###.....     21%         2
c - Spider Form           Tmut/Pois      ##........   38%         3

Your spell library contained the following spells:

 Spells                   Type           Power        Failure   Level
 Ice Form                 Ice/Tmut       ##......     89%         4
 Blade Hands              Tmut           ###.......   93%         5


Dungeon Overview and Level Annotations

Branches:
Dungeon (5/15)             Temple (1/1) D:4

Altars:
Ashenzari
Dithmenos
Elyvilon
Fedhas
Kikubaaqudgha
Makhleb
Nemelex Xobeh
Qazlal
Ru
Sif Muna
Trog
Uskayaw
Wu Jian
Xom
Yredelemnul
Zin
The Shining One

Annotations:
D:5 2 transporters


Innate Abilities, Weirdness & Mutations

You cannot wear boots.
((Your serpentine skin is tough. (AC +2)))
You have supernaturally acute eyesight. (SInv)
((Armour fits poorly on your strangely shaped body.))
((Your system is resistant to poisons. (rPois)))
((You cover ground very slowly.))
You can spit poison.


Message History

The orc wizard is moderately wounded.
The orc wizard hits you with a +0 dagger.
* * * LOW HITPOINT WARNING * * *
The orc wizard completely misses you. The orc hits you with a +0 club!
* * * LOW HITPOINT WARNING * * *
It was a potion of brilliance.
You feel clever all of a sudden.
The orc wizard hits you but does no damage.
The orc wizard closely misses you.
It was a potion of degeneration.
There was something very wrong with that liquid.
You feel weakened.
You feel dopey.
You feel clumsy.
The orc wizard hits you with a +0 dagger.
* * * LOW HITPOINT WARNING * * *
The orc hits you but does no damage.
The orc wizard gestures wildly while chanting.
The orc wizard seems to speed up.
The orc wizard points at you and mumbles some strange words.
The magic dart hits you!
You die...

.##.#.#.....####.#########
.##.#.####### #.........#
.'..#.# ##########.#
.####.# ####.......##.# ##
#.# #..#.#####....# #.#
####..#.# ######
#.###.....#'### #
#.#......†.o..# #
#.......)os.# #
#++.........o.# #
..............# #
..............# #
........######## #
.........o..o... #
.........o..o... #
[............... #
........########


You could see 2 orc wizards and an orc.

Vanquished Creatures
  An orc warrior (D:5)
  A phantom (D:5)
  An ogre (D:4)
  A centaur (D:4)
  A bullfrog (D:5)
  2 scorpions
  A howler monkey (D:4)
  An orc priest (D:4)
  An orc wizard (D:5)
  A bullfrog skeleton (D:5)
  2 iguanas (D:4)
  2 worker ants
  8 adders
  A white imp (D:5)
  4 oozes
  4 worms
  2 dart slugs
  4 leopard geckos
  14 orcs
  3 ball pythons
  4 giant cockroaches
  11 goblins
  12 hobgoblins
  A quokka (D:5)
  5 bats
  4 frilled lizards
  A jackal skeleton (D:5)
  3 kobolds
  8 rats
104 creatures vanquished.

Notes
Turn   | Place    | Note
-------+----------+-------------------------------------------
     0 | D:1      | DogServant the Naga Transmuter began the quest for the Orb.
     0 | D:1      | Reached XP level 1. HP: 18/18 MP: 3/3
   570 | D:1      | Reached XP level 2. HP: 23/25 MP: 3/5
  1578 | D:2      | Reached XP level 3. HP: 19/31 MP: 4/6
  2138 | D:2      | Reached skill level 4 in Unarmed Combat
  2138 | D:2      | Reached XP level 4. HP: 17/38 MP: 7/7
  2142 | D:2      | Learned a level 2 spell: Wereblood
  3390 | D:3      | Reached XP level 5. HP: 33/45 MP: 6/8
  3546 | D:3      | Found a shimmering altar of Xom.
  4407 | D:4      | Noticed a centaur
  4420 | D:4      | Killed a centaur
  4420 | D:4      | Reached skill level 5 in Unarmed Combat
  4420 | D:4      | Reached XP level 6. HP: 29/56 MP: 9/9
  5036 | D:4      | Learned a level 3 spell: Spider Form
  5147 | D:4      | Reached skill level 1 in Poison Magic
  5391 | D:4      | Found a staircase to the Ecumenical Temple.
  5399 | Temple   | Entered the Ecumenical Temple
  5546 | D:4      | Reached XP level 7. HP: 58/63 MP: 8/10
  6219 | D:4      | Found a shimmering blue altar of Sif Muna.
  6573 | D:5      | Entered Level 5 of the Dungeon
  6586 | D:5      | Found a glowing golden altar of the Shining One.
  6745 | D:5      | Found a transporter.
  6764 | D:5      | Found a transporter.
  6838 | D:5      | Reached skill level 6 in Unarmed Combat
  7554 | D:5      | Reached skill level 7 in Unarmed Combat
  7554 | D:5      | Reached XP level 8. HP: 53/72 MP: 11/11
  7662 | D:5      | Killed from afar by an orc wizard

Illustrated notes

Levels and vault maps discovered:
D:1:      lemuel_arrival_rhombus, layout_basic
D:2:      layout_basic
D:3:      layout_basic, xom_teletrap_fun
D:4:      layout_basic, kennysheep_little_box, minmay_temple_entry_proselytizer,
          minivault_14, minmay_misc_feat_four_crosses, minmay_misc_feat_room,
          kennysheep_decorative_pillar
D:5:      gammafunk_wand_slinger, layout_basic, tso_metal_star
Temple:   zaba_magenta_temple

Skill      XL: |  1  2  3  4  5  6  7 |
---------------+----------------------+-----
Transmutations | 3 4 |  4.0
Unarmed Combat | 4 5 7 |  7.5
Fighting       | 2 3 4 |  4.0
Poison Magic   | 1 3 |  3.0
Dodging        | |  1.5
Spellcasting   | |  2.0

Action                   |  1- 3 |  4- 6 |  7- 9 || total
-------------------------+-------+-------+-------++-------
Melee: Unarmed           |   107 |   181 |   107 ||   395
       Headbutt          |     8 |    10 |     8 ||    26
       Punch             |     1 |     4 |     4 ||     9
 Cast: Beastly Appendage |    12 |    13 |    11 ||    36
       Wereblood         |       |     1 |     2 ||     3
       Spider Form       |       |       |     1 ||     1
 Abil: Spit Poison       |    11 |    17 |    10 ||    38
  Use: Potion            |       |       |     2 ||     2
Armor: Robe              |     8 |    49 |     9 ||    66
       Skin              |       |       |     2 ||     2
Dodge: Dodged            |    60 |    99 |    42 ||   201

Table legend: (Time is in decaauts)
 A = Elapsed time spent in this place.
 B = Non-inter-level travel time spent in this place.
 C = Inter-level travel time spent in this place.
 D = Time resting spent in this place.
 E = Time spent auto-exploring this place.
 F = Levels seen in this place.
 G = Mean time per level.
                   A        B        C        D        E       F      G
               +--------+--------+--------+--------+--------+-----+--------+
         Total |   8876 |   8647 |    229 |    540 |   7183 |   6 | 1479.3 |
       Dungeon |   8705 |   8476 |    229 |    540 |   7050 |   5 | 1741.0 |
        Temple |    171 |    171 |      0 |      0 |    132 |   1 |  171.0 |
               +--------+--------+--------+--------+--------+-----+--------+

Top non-repeatable levels by time:
     D:4: 2447 daAuts
     D:2: 2012 daAuts
     D:1: 1848 daAuts
     D:3: 1240 daAuts
     D:5: 1157 daAuts
  Temple: 171 daAuts
